AoeStats
← 从不压堡之人

Fortress

508865329Analyzed
4v4 RM · 9d ago on Sep 24, 2026· 50m 46s· 8 players
Game mode
Random Map
Map size
Huge
Population
200
Speed
Normal
Resources
Standard
Victory
Conquest
Starting age
Dark Age
Ending age
Imperial Age
RankedLock teamsTeams togetherTeam positionsShared explorationLock speedFull tech treeHidden civsTurbo modeCheats
Victory
Defeat
1191
+12
🇨🇳 Teutons · China
1098
+16
🇨🇳 Spanish · China
1080
+16
🇭🇰 Danes · Hong Kong SAR China
1010
+19
🇪🇸 Britons · Spain
1116
-17
🇨🇳 Gurjaras · China
1089
-16
🇮🇩 Mongols · Indonesia
1081
-15
🇹🇷 Malians · Türkiye
1072
-15
Ween
5:57 Feudal Age
6:33 Double-Bit Axe
6:32 Horse Collar
12:29 Castle Age
14:03 Bow Saw
14:08 Heavy Plow
17:03 Fletching
21:19 Padded Archer Armor
23:07 Ballistics
22:46 Bodkin Arrow
23:06 Leather Archer Armor
23:23 Leather Archer Armor
24:31 Wheelbarrow
23:43 Loom
30:11 Imperial Age
29:10 Fortified Wall
29:11 Masonry
29:55 Scale Barding Armor
30:46 Elite Mangudai
31:55 Conscription
31:38 Nomads
32:29 Caravan
33:47 Bracer
34:07 Chain Barding Armor
34:16 Parthian Tactics
34:00 Gold Mining
36:09 Chemistry
35:27 Thumb Ring
35:45 Hand Cart
35:36 Town Watch
36:55 Town Patrol
37:44 Gold Shaft Mining
37:55 Drill
39:07 Husbandry
39:17 Bloodlines
38:30 Capped Ram
39:46 Siege Ram
43:33 Hoardings
46:10 Elite Skirmisher
noob9527
6:53 Feudal Age
8:29 Loom
11:35 Castle Age
10:12 Double-Bit Axe
13:08 Wheelbarrow
26:18 Imperial Age
25:17 Hand Cart
25:44 Bow Saw
26:50 Scale Barding Armor
26:56 Forging
27:06 Fletching
27:51 Conscription
27:30 Gold Mining
27:35 Stone Mining
28:56 Gold Shaft Mining
28:56 Stone Shaft Mining
28:44 Kshatriyas
29:20 Horse Collar
29:54 Husbandry
30:04 Bloodlines
30:10 Heavy Plow
31:09 Frontier Guards
31:26 Chain Barding Armor
31:42 Iron Casting
31:29 Fortified Wall
31:30 Masonry
31:04 Treadmill Crane
31:00 Heavy Camel Rider
32:51 Crop Rotation
31:52 Elite Shrivamsha Rider
34:07 Plate Barding Armor
33:25 Siege Elephant
33:32 Light Cavalry
34:09 Hussar
37:15 Devotion
39:42 Architecture
47:06 Illumination
46:52 Fervor
BERTUS
7:42 Feudal Age
11:52 Castle Age
10:24 Loom
11:45 Fletching
11:56 Padded Archer Armor
11:44 Double-Bit Axe
11:51 Horse Collar
13:35 Bow Saw
20:45 Wheelbarrow
20:16 Gold Mining
20:32 Heavy Plow
20:43 Pikeman
21:23 Squires
24:20 Bodkin Arrow
26:40 Padded Archer Armor
26:41 Scale Mail Armor
29:52 Imperial Age
28:25 Scale Mail Armor
28:41 Leather Archer Armor
28:36 Forging
28:52 Yeomen
29:16 Hand Cart
28:48 Crossbowman
29:55 Chain Mail Armor
30:01 Caravan
29:56 Capped Ram
31:12 Warwolf
31:36 Conscription
31:43 Bracer
31:33 Arbalester
32:55 Ring Archer Armor
32:56 Plate Mail Armor
35:14 Halberdier
35:54 Squires
35:40 Arson
35:40 Gambesons
37:16 Chemistry
36:36 Ballistics
37:19 Chemistry
36:24 Siege Engineers
36:16 Murder Holes
36:31 Masonry
36:58 Iron Casting
36:45 Town Watch
37:32 Fortified Wall
38:40 Guilds
39:52 Blast Furnace
40:02 Architecture
40:12 Hoardings
40:40 Two-Man Saw
40:16 Gold Shaft Mining
39:32 Stone Mining
40:14 Coinage
43:07 Elite Longbowman
43:12 Elite Longbowman
44:48 Town Patrol
bymury111
9:04 Feudal Age
12:48 Castle Age
10:50 Double-Bit Axe
25:57 Wheelbarrow
25:38 Caravan
28:48 Imperial Age
26:03 Horse Collar
26:39 Scale Barding Armor
26:44 Forging
27:36 Heavy Plow
28:02 Chain Barding Armor
27:52 Forging
28:56 Stone Mining
28:56 Gold Mining
29:34 Farimba
28:56 Cavalier
30:18 Plate Barding Armor
30:19 Iron Casting
31:24 Ballistics
32:05 Chemistry
32:43 Conscription
37:13 Light Cavalry
我不是蓝精灵
0:58 Loom
8:38 Feudal Age
12:23 Castle Age
11:20 Wheelbarrow
10:32 Double-Bit Axe
11:54 Fletching
12:08 Town Watch
13:08 Horse Collar
13:39 Bow Saw
14:40 Hand Cart
20:52 Town Patrol
21:56 Heavy Plow
21:58 Gold Mining
22:41 Stone Mining
28:23 Imperial Age
26:48 Caravan
27:17 Ironclad
28:41 Ballistics
29:14 Stone Shaft Mining
28:34 Heavy Scorpion
28:57 Onager
31:04 Two-Man Saw
30:16 Bodkin Arrow
30:43 Crenellations
31:12 Masonry
32:46 Siege Engineers
33:42 Chemistry
34:23 Guilds
35:21 Fortified Wall
45:49 Siege Onager
47:17 Hoardings
从不压堡之人
7:14 Feudal Age
10:34 Castle Age
8:41 Double-Bit Axe
8:56 Horse Collar
11:44 Bow Saw
14:46 Loom
18:56 Wheelbarrow
20:28 Heavy Plow
20:47 Caravan
21:41 Town Watch
22:12 Hand Cart
26:06 Imperial Age
24:44 Fletching
25:34 Inquisition
26:10 Husbandry
26:20 Bloodlines
26:07 Bodkin Arrow
26:17 Scale Barding Armor
26:37 Sanctity
26:30 Fervor
27:58 Chemistry
27:15 Guilds
27:04 Gold Mining
27:04 Stone Mining
27:43 Bracer
28:35 Theocracy
28:16 Block Printing
28:27 Illumination
28:29 Chain Barding Armor
28:46 Redemption
29:17 Ballistics
29:39 Conscription
29:45 Herbal Medicine
30:12 Fortified Wall
29:58 Murder Holes
29:57 Guard Tower
30:14 Arrowslits
31:12 Supremacy
31:04 Town Patrol
32:00 Keep
32:19 Plate Barding Armor
33:37 Stone Shaft Mining
33:27 Bombard Tower
33:17 Masonry
33:37 Elite Conquistador
34:25 Padded Archer Armor
35:51 Sappers
36:40 Capped Ram
37:54 Siege Ram
41:44 Atonement
41:46 Devotion
44:49 Coinage
46:32 Banking
夜清尘
7:52 Feudal Age
11:29 Castle Age
9:42 Double-Bit Axe
9:55 Horse Collar
11:44 Wheelbarrow
10:57 Loom
12:43 Bow Saw
25:18 Stone Mining
27:40 Hand Cart
30:19 Imperial Age
27:35 Town Watch
28:50 Ballistics
28:26 Murder Holes
28:45 Masonry
29:00 Gold Mining
29:45 Stone Shaft Mining
29:45 Hamask
30:30 Scale Mail Armor
30:41 Forging
30:42 Caravan
30:49 Arson
31:05 Squires
30:50 Gambesons
30:26 Elite Varangian Guard
31:30 Conscription
30:37 Northmen's Fury
31:33 Siege Engineers
31:29 Capped Ram
31:50 Elite Jomsviking
32:58 Chain Mail Armor
33:18 Iron Casting
32:27 Siege Ram
35:06 Plate Mail Armor
39:09 Blast Furnace
38:54 Onager
40:43 Siege Onager
50:39 Chemistry
我独自送头 Solo Feeding
7:19 Feudal Age
10:52 Castle Age
9:11 Double-Bit Axe
18:08 Wheelbarrow
20:11 Bow Saw
21:05 Gold Mining
24:36 Imperial Age
22:17 Scale Barding Armor
23:10 Caravan
23:14 Horse Collar
23:48 Loom
24:56 Bloodlines
24:46 Husbandry
25:09 Chain Barding Armor
25:25 Heavy Plow
27:01 Two-Man Saw
26:32 Hand Cart
26:09 Town Watch
27:01 Plate Barding Armor
26:38 Cavalier
28:16 Forging
29:38 Conscription
30:36 Iron Casting
32:58 Blast Furnace
33:07 Fletching
33:20 Vendel Legacy
36:40 Bodkin Arrow
36:58 Capped Ram
37:08 Heavy Mounted Crossbowman
37:08 Cranequins
38:40 Siege Ram
39:32 Bracer
39:32 Padded Archer Armor
44:07 Ballistics
44:47 Chemistry
44:05 Leather Archer Armor
43:53 Treadmill Crane
44:24 Masonry
44:22 Siege Engineers
44:52 Coinage
45:41 Ring Archer Armor
Connection lost

Rejoining the realm…

Still unreachable

The connection could not be restored.

Session expired

The server has moved on; the page needs a fresh start.